 Dungeon Crawl Stone Soup version 0.28-a0-1510-gd0f6b136d3 (webtiles) character file.

Game seed: 8732758557990372964

1209 shadowrider38 the Fighter (level 8, -1/97 HPs)
             Began as a Djinni Fire Elementalist on Jan 15, 2022.
             Was a Follower of Makhleb.
             Slain by Pikel (16 damage)
             ... on level 6 of the Dungeon.
             The game lasted 00:09:42 (6756 turns).

shadowrider38 the Fighter (DjFE)                    Turns: 6756, Time: 00:09:42

Health: -1/97      AC: 24    Str:  7    XL:     8   Next: 74%
Gold:   251        EV:  2    Int: 18    God:    Makhleb [*.....] SH:  0 Dex: 15

rFire   . . .      SeeInvis .   a - +6 shillelagh "Devastator" {shatter}
rCold   . . .      Faith    .   (no shield)
rNeg    . . .      Spirit   .   (armour currently unavailable)
rPois   ∞          Reflect  .   (helmet currently unavailable)
rElec   .          Harm     .   (cloak currently unavailable)
rCorr   .          Rampage  .   (gloves currently unavailable)
Will    .....      NoTele   +   (boots unavailable)
Stlth   ++........              (no amulet)
HPRegen 0.26/turn               (no ring)
MPRegen 0.00/turn               (no ring)

@: tree-form
A: stationary, stasis, torment immunity, boosted hp, sickness immunity, (fire
resistance 2), (cold vulnerability 1), float, innate caster, hp casting, extra
vitality 1
a: Renounce Religion


You were on level 6 of the Dungeon.
You worshipped Makhleb.
Makhleb was aware of your devotion.
You were a tree.
You visited 2 branches of the dungeon, and saw 8 of its levels.

You collected 251 gold pieces.

Inventory:

Hand Weapons
 a - the +6 shillelagh "Devastator" (weapon) {shatter}
   (You found it on level 3 of the Dungeon)

   It releases a powerful concussive burst when it strikes, dealing extra damage
   to the target and all other foes adjacent to them.
Missiles
 d - 128 stones
 p - 4 javelins
 x - 4 poisoned darts
Armour
 c - a +0 helmet (melded)
 k - a +2 robe of willpower (melded)
 y - a +0 buckler
Jewellery
 z - a +6 ring of dexterity
Wands
 j - a wand of paralysis (12)
Scrolls
 b - 4 scrolls of identify {unknown}
 e - 3 scrolls of immolation
 f - a scroll of enchant weapon {unknown}
 g - 2 scrolls of magic mapping {unknown}
 h - 2 scrolls of enchant armour {unknown}
 n - a scroll of fog {unknown}
 o - a scroll of teleportation
 q - a scroll of noise {unknown}
 t - 2 scrolls of summoning {unknown}
 v - a scroll of vulnerability {unknown}
 A - a scroll of holy word {unknown}
Potions
 i - a potion of might {unknown}
 l - a potion of heal wounds {unknown}
 m - a potion of mutation {unknown}
 r - a potion of flight {unknown}
 s - a potion of invisibility {unknown}
 u - a potion of curing {unknown}
 w - 2 potions of lignification


   Skills:
 - Level 8.0 Fighting
 - Level 4.0 Dodging
 - Level 1.5 Stealth
 - Level 4.0 Spellcasting
 + Level 2.0 Evocations


You couldn't memorise any spells.
You knew the following spells:

 Your Spells              Type           Power      Damage    Failure   Level
a - Foxfire               Conj/Fire      72%        2x1d7     2%          1
b - Scorch                Fire           36%        2d7       4%          2
c - Conjure Flame         Conj/Fire      18%        6-21      9%          3
d - Inner Flame           Hex/Fire       18%        N/A       9%          3
e - Flame Wave            Conj/Fire      18%        2d5       28%         4
f - Sting                 Tmut/Pois      72%        1d6       2%          1
g - Call Imp              Summ           18%        N/A       4%          2
h - Corpse Rot            Necr/Air       36%        N/A       4%          2
Your spell library was empty.

Dungeon Overview and Level Annotations

Branches:
Dungeon (7/15)             Temple (1/1) D:4

Altars:
Ashenzari
Dithmenos
Gozag
Kikubaaqudgha
Makhleb
Okawaru
Qazlal
Sif Muna
Vehumet

Annotations:
D:6 Blork the orc, Eustachio, Pikel


Innate Abilities, Weirdness & Mutations

You are a tree.
Your roots penetrate the ground, keeping you stationary.
You cannot be teleported.
You are immune to unholy pain and torment.
Your maximum health is greatly increased.
Your equipment is partially melded.
You are immune to sickness and miasma.
You are immune to poison.
((Your flesh is very heat resistant. (rF++)))
((You are vulnerable to cold. (rC-)))
You float through the air rather than walking.
You learn spells naturally, not from books.
Your magical power is your life essence.
You have superior vitality. (+4 MHP)


Message History

Unknown command.
Casting: Scorch (safe; 4% risk of failure)
Confirm with . or Enter, or press ? or * to list all spells.
Okay, then.
As you read the scroll of teleportation, it crumbles to dust.
You feel strangely unstable.
Blork the orc points at you and mumbles some strange words.
The puff of frost hits you.
You feel a terrible chill!
Pikel hits you with a +1 whip of electrocution!
* * * LOW HITPOINT WARNING * * *
Unknown command.
Unknown command.
Casting: Scorch (safe; 4% risk of failure)
Confirm with . or Enter, or press ? or * to list all spells.
Okay, then.
It was a potion of lignification.
You turn into a tree.
Your +0 helmet melds into your body.
Your +2 robe of willpower melds into your body.
You feel less strong-willed.
Your roots penetrate the ground.
You feel strangely stable. Blork the orc completely misses you.
Pikel hits you but does no damage.
You thump Pikel!
Pikel and the lemure shudder.
Pikel is severely wounded.
The lemure is almost dead.
Pikel is severely wounded.
Blork the orc hits you but does no damage.
Pikel hits you with a +1 whip of electrocution.
* * * LOW HITPOINT WARNING * * *
Blork the orc hits you but does no damage.
Pikel hits you with a +1 whip of electrocution.
* * * LOW HITPOINT WARNING * * *
You hit Pikel.
Pikel and the lemure shudder.
Pikel is severely wounded.
You kill the lemure!
That felt strangely unrewarding.
Pikel is severely wounded.
Blork the orc hits you but does no damage.
Pikel says, "You'll make a fine lemure."
Pikel hits you but does no damage.
You are electrocuted!
You die...

#.# #.#
#.########.##
#...........#
##########).#
####..#
#.....#
#5###5# #.#
#K# #.# #♣#
#.###.#
#..##o#
##.#.#W# ..#
####.###KK#
#.# #.o5##
##.# #.#.#
#W##.###.##
#.#.#
#.###.#.##
#.#.# #o#
##.##


You could see Pikel, Blork the orc, a phantom, a kobold brigand, a lemure and a
kobold.

Vanquished Creatures
  A water moccasin (D:5)
  A black bear (D:4)
  A necrophage (D:5)
  3 ogres
  2 phantoms
  2 lemures
  2 scorpions (D:4)
  2 howler monkeys
  A bullfrog skeleton (D:4)
  A hound (D:6)
  A jelly (D:5)
  An iguana (D:4)
  3 orc wizards
  A scorpion zombie (D:5)
  3 adders
  A shadow imp (D:4)
  An ufetubus (D:6)
  2 worms
  11 orcs
  6 ball pythons
  2 bats
  3 endoplasms
  2 giant cockroaches
  5 goblins
  5 hobgoblins
  4 quokkas
  2 frilled lizards
  4 kobolds
  4 rats
77 creatures vanquished.

Vanquished Creatures (others)
  297 foxfires
297 creatures vanquished.

Grand Total: 374 creatures vanquished

Notes
Turn   | Place    | Note
-------+----------+-------------------------------------------
     0 | D:1      | shadowrider38 the Djinni Fire Elementalist began the quest
                  | for the Orb.
     0 | D:1      | Reached XP level 1. HP: 15/15 MP: 0/0
   159 | D:1      | Reached skill level 1 in Fighting
   425 | D:1      | Reached XP level 2. HP: 20/22 MP: 0/0
   634 | D:1      | Reached skill level 2 in Fighting
  1160 | D:1      | Found a faded altar of an unknown god.
  1602 | D:2      | Reached XP level 3. HP: 26/29 MP: 0/0
  1602 | D:2      | Learned a level 1 spell: Sting
  2310 | D:2      | Reached skill level 3 in Fighting
  2760 | D:3      | Noticed a phantom
  2774 | D:3      | Killed a phantom
  2775 | D:3      | Reached skill level 4 in Fighting
  2775 | D:3      | Reached XP level 4. HP: 27/37 MP: 0/0
  2775 | D:3      | Reached XP level 5. HP: 30/41 MP: 0/0
  2775 | D:3      | Learned a level 2 spell: Call Imp
  3068 | D:3      | Found the +6 shillelagh "Devastator" {shatter}
  3837 | D:4      | Found a staircase to the Ecumenical Temple.
  3844 | D:4      | Reached XP level 6. HP: 43/47 MP: 0/0
  3858 | Temple   | Entered the Ecumenical Temple
  4191 | Temple   | Became a worshipper of Makhleb the Destroyer
  4489 | D:4      | Reached XP level 7. HP: 52/52 MP: 0/0
  4489 | D:4      | Learned a level 2 spell: Corpse Rot
  4882 | D:4      | Reached skill level 5 in Fighting
  5475 | D:5      | Entered Level 5 of the Dungeon
  5500 | D:5      | Reached skill level 6 in Fighting
  5753 | D:5      | Reached XP level 8. HP: 57/62 MP: 0/0
  5933 | D:5      | Reached * piety under Makhleb
  5968 | D:5      | Reached skill level 7 in Fighting
  6568 | D:6      | Reached skill level 8 in Fighting
  6568 | D:6      | Reached skill level 1 in Evocations
  6702 | D:6      | Noticed Eustachio
  6703 | D:6      | Noticed Blork the orc
  6746 | D:6      | Noticed Pikel
  6756 | D:6      | Slain by Pikel

Illustrated notes

Levels and vault maps discovered:
D:1:      mushboom_english_gardens, layout_basic,
          chequers_ecumenical_altar_simple_redux, minmay_unequal
D:2:      layout_loops_ring
D:3:      layout_loops_corners, minmay_misc_feat_columns, minivault_11
D:4:      layout_basic, minmay_temple_entry_junction, minivault_14
D:5:      layout_basic, serial_bayou_pond_d, chequers_serial_rivers_large_b,
          serial_bayou_pond_e, hangedman_abyss_or_decor_passed
D:6:      layout_loops_ring, minitemple, kennysheep_pointless_box, uniq_edmund,
          uniq_blork_the_orc, uniq_pikel, uniq_eustachio
D:7:      layout_rooms, nicolae_hepliaklqana_monster_ancestors, chequers_jeans,
          kb_rosetta
Temple:   compressed_dpeg_triangle_lava_temple

Skill      XL: |  1  2  3  4  5  6  7  8 |
---------------+-------------------------+-----
Fighting       | 1 2 4 6 8 |  8.0
Spellcasting   | 3 4 |  4.0
Dodging        | 4 |  4.0
Evocations     | 2 |  2.0
Stealth        | |  1.5

Action                   |  1- 3 |  4- 6 |  7- 9 || total
-------------------------+-------+-------+-------++-------
Melee: Unarmed           |    13 |       |       ||    13
       Short sword       |    17 |       |       ||    17
       Rapier            |    24 |     4 |       ||    28
       Shillelagh        |       |    10 |    15 ||    25
 Cast: Foxfire           |    59 |    28 |    84 ||   171
       Scorch            |       |       |     5 ||     5
       Call Imp          |       |       |     1 ||     1
  Use: Scroll            |       |     2 |     1 ||     3
       Potion            |       |       |     1 ||     1
 Stab: Sleeping          |     3 |     1 |       ||     4
Armor: Robe              |    11 |     6 |     8 ||    25
       Skin              |       |       |     5 ||     5
Dodge: Dodged            |    27 |    10 |    40 ||    77

Table legend: (Time is in decaauts)
 A = Elapsed time spent in this place.
 B = Non-inter-level travel time spent in this place.
 C = Inter-level travel time spent in this place.
 D = Time resting spent in this place.
 E = Time spent auto-exploring this place.
 F = Levels seen in this place.
 G = Mean time per level.
                   A        B        C        D        E       F      G
               +--------+--------+--------+--------+--------+-----+--------+
         Total |   6771 |   6354 |    417 |   1102 |   4469 |   8 |  846.4 |
       Dungeon |   6419 |   6053 |    366 |   1102 |   4177 |   7 |  917.0 |
        Temple |    351 |    300 |     51 |      0 |    292 |   1 |  351.0 |
               +--------+--------+--------+--------+--------+-----+--------+

Top non-repeatable levels by time:
     D:1: 1347 daAuts
     D:4: 1295 daAuts
     D:2: 1292 daAuts
     D:3: 1196 daAuts
     D:5: 1014 daAuts
  Temple: 351 daAuts
     D:6: 271 daAuts
     D:7: 1 daAuts
